 Dungeon Crawl Stone Soup version 0.25.1-1-g288607f5aa (webtiles) character file.

Game seed: 8134696605556618354

129026 Acheron the Brawler (level 16, -3/153 HPs)
             Began as a Troll Artificer on July 23, 2020.
             Was an Elder of Okawaru.
             Slain by an orc warrior
             ... wielding a +0 glaive
              (28 damage)
             ... on level 2 of the Orcish Mines.
             The game lasted 03:22:57 (23118 turns).

Acheron the Brawler (Troll Artificer)              Turns: 23118, Time: 03:23:15

Health: -3/153     AC: 16    Str: 24    XL:     16   Next: 49%
Magic:  20/20      EV: 19    Int:  8    God:    Okawaru [****..]
Gold:   365        SH:  0    Dex: 20    Spells: 16/19 levels left

rFire    + . .     SeeInvis +     - Unarmed
rCold    + . .     Gourm    +   (no shield)
rNeg     . . .     Faith    .   F - +2 acid dragon scales
rPois    .         Spirit   .   T - +2 hat
rElec    .         Reflect  .   U - scarf {rC+ rF+}
rCorr    +         Harm     .   (gloves unavailable)
MR       +....                  (boots unavailable)
Stlth    ++++......             (no amulet)
HPRegen  0.75/turn              n - +6 ring of dexterity
MPRegen  0.17/turn              I - ring of see invisible

@: about to teleport, heroism
A: large, unfitting armour, claws 3, fast metabolism 3, gourmand, regeneration
1, shaggy fur 1, tough skin 3
a: Heroism, Renounce Religion


You were on level 2 of the Orcish Mines.
You worshipped Okawaru.
Okawaru was greatly pleased with you.
You were very full.

You visited 5 branches of the dungeon, and saw 25 of its levels.

You collected 1957 gold pieces.
You spent 1592 gold pieces at shops.

Inventory:

Hand Weapons
 w - a +4 hand axe of freezing
 G - a +2 scimitar of flaming
 M - a +3 antimagic quarterstaff
 P - the cursed +0 shortbow of Excruciating Pain {speed, rN++ MR+++ Str-3 Dex-4}
   (You found it on level 10 of the Dungeon)

   Attacks with this weapon are significantly faster.
   It affects your strength (-3).
   It affects your dexterity (-4).
   It greatly protects you from negative energy.
   It affects your resistance to hostile enchantments.
   It has a curse placed upon it.
 Z - the +9 long sword of Teloz {antimagic, rF+ Str+7}
   (You found it on level 11 of the Dungeon)

   It reduces the magical energy of the wielder, and disrupts the spells and
   magical abilities of those hit.
   Natural abilities and divine invocations are not affected.
   It affects your strength (+7).
   It protects you from fire.
Missiles
 j - 368 stones
 v - 235 sling bullets
 y - 20 javelins
 B - 31 boomerangs
 R - 10 atropa-tipped darts (quivered)
 X - 9 large rocks
Armour
 C - the +1 hat of Vlad {rF- Dex+3 SInv}
   (Okawaru gifted it to you on level 3 of the Lair of Beasts)

   It affects your dexterity (+3).
   It makes you vulnerable to fire.
   It lets you see invisible.
 F - +2 acid dragon scales (worn)
 L - a +2 cloak of stealth
 T - a +2 hat (worn)
 U - a scarf of resistance (worn)
Jewellery
 h - a +4 ring of protection
 i - the ring "Xoikkuck" {EV+4 Int+4}
   (You found it on level 5 of the Lair of Beasts)

   [ring of evasion]

   It affects your evasion (+4).
   It affects your intelligence (+4).
 m - an uncursed ring of protection from magic
 n - a +6 ring of dexterity (left claw)
 E - an uncursed ring of protection from fire
 I - a ring of see invisible (right claw)
Wands
 c - a wand of flame (4)
 d - a wand of enslavement (14)
 t - a wand of clouds (3)
 S - a wand of paralysis (7)
 Y - a wand of acid (19)
Scrolls
 a - 5 scrolls of identify
 e - 8 scrolls of remove curse
 r - 4 scrolls of amnesia
 u - a scroll of fog
 x - 2 scrolls of brand weapon
 J - a scroll of magic mapping
 O - 4 scrolls of enchant weapon
 Q - 4 scrolls of teleportation
Potions
 g - 2 potions of stabbing
 k - 7 potions of lignification
 l - a potion of haste
 o - 5 potions of curing
 p - 8 potions of brilliance
 s - 2 potions of might
 z - 3 potions of cancellation
 A - 2 potions of resistance
 H - 3 potions of mutation
 K - 4 potions of flight
 V - a potion of berserk rage
Miscellaneous
 b - a phantom mirror
 D - a box of beasts
Comestibles
 f - 25 rations
 q - 27 chunks of flesh


   Skills:
 * Level 8.5(13.5) Fighting
   Level 0.7(6.0) Short Blades
 - Level 0.8(6.0) Long Blades
 + Level 2.4(7.4) Axes
 + Level 8.4(13.4) Throwing
 * Level 4.0(9.0) Armour
 + Level 8.2(13.2) Dodging
 + Level 5.2(10.2) Stealth
 + Level 15.4(20.4) Unarmed Combat
 + Level 2.1 Spellcasting
 * Level 1.3 Translocations
 * Level 7.3 Invocations
 + Level 6.3 Evocations


You had 16 spell levels left.
You knew the following spells:

 Your Spells              Type           Power        Failure   Level  Hunger
a - Apportation           Tloc           #.....       24%         1    ##.....
b - Animate Skeleton      Necr           N/A          38%         1    ##.....
c - Magic Dart            Conj           #...         38%         1    ##.....

Your spell library contained the following spells:

 Spells                   Type           Power        Failure   Level  Hunger
 Corona                   Hex            #......      38%         1    ##.....
 Summon Small Mammal      Summ           #...         38%         1    ##.....
 Searing Ray              Conj           #.....       54%         2    ###....
 Gell's Gravitas          Tloc           #.........   58%         3    ####...
 Confusing Touch          Hex            #.......     77%         3    ####...
 Dazzling Flash           Conj/Hex       #.....       77%         3    ####...
 Iskenderun's Mystic Bla  Conj/Tloc      #.......     97%         4    #####..
 Fulminant Prism          Conj/Hex       #.........   99%         4    #####..
 Petrify                  Tmut/Erth      #.......     99%         4    #####..
 Metabolic Englaciation   Hex/Ice        #.........   100%        5    ######.
 Yara's Violent Unravell  Hex/Tmut       #.........   100%        5    ######.


Dungeon Overview and Level Annotations

Branches:
Dungeon (15/15)            Temple (1/1) D:5            Lair (6/6) D:10
 Shoals (1/4) Lair:3       Spider (0/4) Lair:3        Slime (0/5) Lair:5
    Orc (2/2) D:10            Elf (0/3) Orc:2        Depths (0/5) D:15
 Vaults: D:13-14

Altars:
Ashenzari
Cheibriados
Dithmenos
Elyvilon
Fedhas
Gozag
Hepliaklqana
Kikubaaqudgha
Makhleb
Nemelex Xobeh
Okawaru
Qazlal
Ru
Sif Muna
Trog
Uskayaw
Vehumet
Wu Jian
Xom
Yredelemnul
Zin
The Shining One
Beogh

Shops:
D:4 ?!(   D:12 !   D:15 :   Orc:2 !

Annotations:
D:1 exclusion: downstairs
D:7 exclusions: downstairs and upstairs
D:9 exclusion: downstairs
D:11 exclusion: downstairs, Rupert
D:13 exclusion: oklob plant, Erolcha
D:14 exclusions: downstairs and upstairs
Lair:2 Sonja
Lair:4 exclusion: downstairs
Lair:5 exclusion: oklob plant
Orc:2 1 runed translucent door, barcode's ghost, adept HaBe


Innate Abilities, Weirdness & Mutations

You are too large for most types of armour.
You have claws for hands.
Your metabolism is lightning-fast.
You like to eat raw meat.
Your natural rate of healing is unusually fast.
You are covered in fur. (AC +1)
You have extremely tough skin. (AC +3)


Message History

You mangle the orc!!
You kill the orc!
The orc warrior misses you.
The orc warrior hits you from afar with a +0 glaive!
* * * LOW HITPOINT WARNING * * *
The orc knight shoots a bolt.
The bolt closely misses you.
You hear a shout!
As you read the scroll of teleportation, it crumbles to dust.
You feel strangely unstable.
The orc warrior no longer looks unusually strong.
The orc warrior shoots a bolt.
The bolt barely misses you.
The orc warrior hits you but does no damage.
The orc warrior closely misses you.
As you read the scroll of fog, it crumbles to dust.
The scroll dissolves into smoke.
The orc warrior no longer looks unusually strong.
The orc knight shoots a bolt.
The bolt hits you!!
* * * LOW HITPOINT WARNING * * *
The orc warrior hits you from afar with a +0 glaive!!
You die...

≈∩...................#
≈≈≈≈.................##
≈≈≈......^............##
...........(...........#
. .....(...(...## .
.........((.## .
...(.§.§.((## .
.....o§§§.(##
.....o§@§§.(#
..##.o##§§(## .....
##oo# ....c #)(# ....
..(# ≈≈ o#.(# ≈ ..#..#
o. ...# ... ...#


You could see an orc knight and 3 orc warriors.

Vanquished Creatures
  Frances (D:12)
  A stone giant (Orc:2)
  Nessos (D:12)
  Josephine (Lair:4)
  4 hydras
  Erica (D:8)
  4 centaur warriors
  6 two-headed ogres
  An orc high priest (Orc:2)
  The ghost of luab the Martial Artist, a novice GnTm of Okawaru (D:10)
  Nergalle (Orc:1)
  2 unseen horrors
  2 orc knights (Orc:2)
  9 deep elf magi
  An orc sorcerer (Orc:1)
  A wolf spider (Lair:3)
  A cyclops (D:13)
  A manticore (D:11)
  3 elephants (Lair:6)
  2 oklob plants
  2 ugly things (D:11)
  Joseph (D:8)
  3 black mambas
  A torpor snail (Lair:4)
  Maggie (D:10)
  5 spiny frogs
  The ghost of sinusoid the Spear-Bearer, a novice MfGl (D:4)
  A rime drake (Lair:6)
  8 komodo dragons
  A kobold demonologist (D:14)
  A wind drake (shapeshifter) (D:14)
  A polar bear (Lair:3)
  6 trolls
  2 hornets
  25 blink frogs
  5 hippogriffs
  A meliai zombie (D:11)
  Sigmund (D:2)
  2 redbacks (Lair:3)
  A spriggan (D:7)
  4 wraiths
  58 yaks
  5 wyverns
  5 basilisks
  A steam dragon (D:13)
  A hungry ghost (D:13)
  4 vampire mosquitoes (D:12)
  6 wargs
  A soldier ant (D:15)
  14 water moccasins
  8 porcupines
  A black bear (D:13)
  A hornet zombie (D:10)
  3 ice beasts
  26 orc warriors
  3 sky beasts
  10 ogres
  2 phantoms
  5 wolves (Lair:5)
  29 centaurs
  7 crocodiles
  4 big kobolds
  18 bullfrogs
  4 scorpions
  11 killer bees
  A howler monkey (D:5)
  4 wights
  9 crimson imps
  4 bullfrog zombies
  A quasit (D:9)
  4 centaur zombies
  9 hounds
  6 jellies
  A gnoll shaman (D:6)
  17 orc priests
  3 bullfrog skeletons
  23 orc wizards
  3 centaur skeletons
  Jessica (D:2)
  3 iguanas
  14 worker ants
  A killer bee zombie (D:7)
  A worker ant zombie (D:11)
  6 adders
  5 gnolls (D:6)
  5 shadow imps
  4 oozes
  2 adder skeletons
  An adder zombie (D:7)
  4 worms (D:2)
  3 dart slugs
  4 leopard geckos
  72 orcs
  A ball python (D:1)
  5 giant cockroaches
  A goblin (D:3)
  3 hobgoblins
  7 jackals
  28 kobolds
  4 quokkas
  6 bats
  3 frilled lizards
  A jackal skeleton (D:4)
  A quokka skeleton (D:3)
  A quokka zombie (D:5)
  2 rats
  A fungus (Lair:6)
619 creatures vanquished.

Vanquished Creatures (collateral kills)
  An adder (D:5)
1 creature vanquished.

Vanquished Creatures (others)
  A spiny frog (Lair:5)
  A human (D:13)
  An orc priest (Orc:2)
  An orc wizard (Orc:1)
  2 orcs (Orc:2)
  A kobold (D:13)
  8 fungi
  15 plants
30 creatures vanquished.

Grand Total: 650 creatures vanquished

Notes
Turn   | Place    | Note
-------+----------+-------------------------------------------
     0 | D:1      | Acheron the Troll Artificer began the quest for the Orb.
     0 | D:1      | Reached XP level 1. HP: 18/18 MP: 1/1
   544 | D:2      | Noticed Jessica
   860 | D:4      | Found Reoptadd's Distillery.
   860 | D:4      | Noticed a bullfrog
   888 | D:2      | Killed Jessica
   888 | D:2      | Reached skill level 1 in Fighting
   888 | D:2      | Reached XP level 2. HP: 24/27 MP: 2/2
   888 | D:2      | Reached XP level 3. HP: 30/33 MP: 3/3
  1272 | D:2      | Found a shadowy altar of Dithmenos.
  1281 | D:2      | Reached skill level 1 in Unarmed Combat
  1289 | D:2      | Noticed Sigmund
  1525 | D:2      | Reached skill level 1 in Throwing
  1542 | D:2      | Reached XP level 4. HP: 36/41 MP: 4/4
  1556 | D:2      | Found a hazy altar of Hepliaklqana.
  1681 | D:4      | Killed a bullfrog
  1681 | D:4      | Reached skill level 1 in Stealth
  1681 | D:4      | Reached skill level 2 in Unarmed Combat
  1681 | D:4      | Reached XP level 5. HP: 22/48 MP: 6/6
  1689 | D:4      | Bought a potion of heal wounds for 50 gold pieces
  1689 | D:4      | Bought a potion of curing for 30 gold pieces
  1689 | D:4      | Bought a potion of degeneration for 10 gold pieces
  1858 | D:4      | Noticed sinusoid's ghost (novice MfGl)
  1860 | D:4      | Found a runed translucent door.
  1877 | D:4      | Noticed an ogre
  1885 | D:4      | Killed an ogre
  1885 | D:4      | Reached skill level 3 in Unarmed Combat
  1885 | D:4      | Reached XP level 6. HP: 55/55 MP: 7/7
  1919 | D:4      | Found Irian's Weapon Shop.
  2341 | D:3      | Reached skill level 4 in Unarmed Combat
  2353 | D:3      | Reached XP level 7. HP: 36/63 MP: 8/8
  2490 | D:3      | Found a burning altar of Makhleb.
  2922 | D:4      | Found an ornate altar of the Wu Jian Council.
  2942 | D:4      | Found Noroki's Magic Scroll Boutique.
  2957 | D:4      | Bought 2 scrolls of identify for 44 gold pieces
  2957 | D:4      | Bought a scroll of identify for 22 gold pieces
  2957 | D:4      | Bought a scroll of noise for 11 gold pieces
  2957 | D:4      | Bought a scroll of identify for 22 gold pieces
  3376 | D:5      | Entered Level 5 of the Dungeon
  3376 | D:5      | Found a staircase to the Ecumenical Temple.
  3383 | Temple   | Entered the Ecumenical Temple
  3494 | Temple   | Became a worshipper of Warmaster Okawaru
  3636 | D:5      | Found a shattered altar of Ashenzari.
  3782 | D:5      | Reached skill level 5 in Unarmed Combat
  3908 | D:6      | Reached * piety under Okawaru
  3928 | D:6      | Found a glowing golden altar of the Shining One.
  3931 | D:6      | Found a basalt altar of Yredelemnul.
  3997 | D:6      | Found a shimmering blue altar of Sif Muna.
  4000 | D:6      | Found a hide-covered altar of Uskayaw.
  4052 | D:6      | Found an ancient bone altar of Kikubaaqudgha.
  4322 | D:6      | Reached XP level 8. HP: 72/74 MP: 9/9
  4921 | D:5      | Reached skill level 1 in Invocations
  4961 | D:5      | Reached skill level 6 in Unarmed Combat
  5772 | D:7      | Reached ** piety under Okawaru
  5861 | D:8      | Reached skill level 7 in Unarmed Combat
  5937 | D:8      | Reached XP level 9. HP: 80/80 MP: 10/10
  5974 | D:8      | Found a white marble altar of Elyvilon.
  6001 | D:8      | Noticed Joseph
  6012 | D:8      | Killed Joseph
  6083 | D:8      | Found a stormy altar of Qazlal.
  6128 | D:8      | Noticed Erica
  6140 | D:8      | Killed Erica
  6140 | D:8      | Reached *** piety under Okawaru
  6140 | D:8      | Reached skill level 8 in Unarmed Combat
  6254 | D:8      | Noticed a two-headed ogre
  6771 | D:5      | Reached **** piety under Okawaru
  6771 | D:5      | Reached skill level 9 in Unarmed Combat
  6805 | D:5      | Found a shimmering altar of Xom.
  7320 | D:2      | Killed Sigmund
  7917 | D:9      | Noticed a two-headed ogre
  7942 | D:9      | Reached XP level 10. HP: 76/91 MP: 12/12
  8010 | D:9      | Found a sacrificial altar of Ru.
  8021 | D:9      | Noticed a two-headed ogre
  8124 | D:10     | Entered Level 10 of the Dungeon
  8124 | D:10     | Found a staircase to the Orcish Mines.
  8453 | D:8      | Killed a two-headed ogre
  8453 | D:8      | Reached skill level 5 in Dodging
  8809 | D:9      | Reached skill level 1 in Axes
  8827 | D:9      | Reached ***** piety under Okawaru
  9133 | D:9      | Reached skill level 10 in Unarmed Combat
  9528 | D:9      | Killed a two-headed ogre
  9528 | D:9      | Reached XP level 11. HP: 100/100 MP: 10/13
  9536 | D:9      | Killed a two-headed ogre
  9872 | D:10     | Found a staircase to the Lair.
  9879 | D:10     | Reached skill level 1 in Armour
 10305 | D:10     | Found a large runed translucent door.
 10306 | D:10     | Found a large runed translucent door.
 10353 | Lair:1   | Entered Level 1 of the Lair of Beasts
 10408 | Lair:1   | Noticed a seven-headed hydra
 10426 | Lair:2   | Noticed an oklob plant
 10562 | Lair:3   | Reached skill level 11 in Unarmed Combat
 10589 | Lair:3   | Found a stormy altar of Qazlal.
 10594 | Lair:3   | Noticed an oklob plant
 10738 | Lair:3   | Received a gift from Okawaru
 10738 | Lair:3   | Reached skill level 5 in Throwing
 10803 | Lair:3   | Reached skill level 5 in Evocations
 10855 | Lair:3   | Noticed a death yak
 10957 | Lair:3   | Noticed an eight-headed hydra
 11346 | Lair:5   | Reached skill level 5 in Fighting
 11447 | Lair:6   | Entered Level 6 of the Lair of Beasts
 11507 | Lair:6   | Paralysed by a hornet for 1 turns
 11519 | Lair:6   | Reached XP level 12. HP: 67/111 MP: 11/14
 11568 | Lair:6   | Reached skill level 12 in Unarmed Combat
 11568 | Lair:6   | Reached skill level 5 in Invocations
 12197 | Lair:5   | Received a gift from Okawaru
 12325 | Lair:5   | Noticed a death yak
 12326 | Lair:5   | Noticed a death yak
 12493 | Lair:5   | Found a staircase to the Slime Pits.
 12716 | Lair:4   | Noticed Josephine
 12727 | Lair:4   | Killed Josephine
 12749 | Lair:4   | Received a gift from Okawaru
 12847 | Lair:4   | Reached skill level 13 in Unarmed Combat
 13197 | Lair:2   | Noticed Sonja
 13708 | Lair:1   | Received a gift from Okawaru
 13795 | Lair:2   | Reached XP level 13. HP: 92/119 MP: 16/16
 13919 | Lair:3   | Got a distressingly furry hat {god gift}
 13927 | Lair:3   | Identified the +1 hat of Vlad {rF- Dex+3 SInv} (Okawaru
                  | gifted it to you on level 3 of the Lair of Beasts)
 14805 | Lair:3   | Found a hole to the Spider Nest.
 15079 | Lair:3   | Found a staircase to the Shoals.
 15085 | Shoals:1 | Entered Level 1 of the Shoals
 15238 | Lair:5   | Got a scorched turquoise ring
 15844 | Lair:5   | Identified the ring "Xoikkuck" {EV+4 Int+4} (You found it
                  | on level 5 of the Lair of Beasts)
 16251 | D:10     | Noticed luab's ghost (novice GnTm)
 16324 | D:11     | Reached skill level 1 in Spellcasting
 16476 | D:11     | Got an ichor-stained long sword
 16477 | D:11     | Identified the +9 long sword of Teloz {antimagic, rF+
                  | Str+7} (You found it on level 11 of the Dungeon)
 16611 | D:11     | Paralysed by a hornet for 3 turns
 16928 | D:12     | Noticed Rupert
 16967 | D:11     | Reached skill level 14 in Unarmed Combat
 17231 | D:12     | Received a gift from Okawaru
 17245 | D:12     | Paralysed by Rupert for 3 turns
 17456 | D:12     | Noticed Frances
 17462 | D:12     | Found Uvoryor's Distillery.
 17470 | D:12     | Bought a potion of experience for 550 gold pieces
 17470 | D:12     | Bought a potion of curing for 33 gold pieces
 17472 | D:12     | Reached skill level 5 in Stealth
 17472 | D:12     | Reached XP level 14. HP: 131/131 MP: 17/17
 17660 | D:12     | Received a gift from Okawaru
 17680 | D:12     | Killed Frances
 17926 | D:12     | Noticed Nessos
 18356 | D:14     | Reached XP level 15. HP: 81/139 MP: 18/18
 18616 | D:15     | Entered Level 15 of the Dungeon
 18916 | D:13     | Found a shattered altar of Ashenzari.
 19222 | D:13     | Noticed Erolcha
 19413 | D:14     | Found a stormy altar of Qazlal.
 20005 | D:15     | Found Uvveralokh's Book Emporium.
 20025 | D:15     | Bought a book of Cantrips for 280 gold pieces
 20028 | D:15     | Learned a level 1 spell: Apportation
 20030 | D:15     | Learned a level 1 spell: Animate Skeleton
 20032 | D:15     | Learned a level 1 spell: Magic Dart
 20043 | D:15     | Found a staircase to the Depths.
 20043 | D:15     | Noticed a fire giant
 20146 | D:14     | Reached skill level 15 in Unarmed Combat
 20242 | D:12     | Killed Nessos
 20342 | Orc:1    | Entered Level 1 of the Orcish Mines
 20342 | Orc:1    | Noticed Nergalle
 20353 | Orc:1    | Killed Nergalle
 20525 | Orc:2    | Entered Level 2 of the Orcish Mines
 20726 | D:10     | Noticed Maggie
 20991 | D:4      | Bought a potion of experience for 500 gold pieces
 20991 | D:4      | Bought a potion of might for 40 gold pieces
 20997 | D:4      | Reached XP level 16. HP: 152/152 MP: 20/20
 21012 | D:4      | Killed sinusoid's ghost
 21198 | D:10     | Killed luab's ghost
 21210 | D:10     | Got an ebony shortbow
 21211 | D:10     | Identified the cursed +0 shortbow of Excruciating Pain
                  | {speed, rN++ MR+++ Str-3 Dex-4} (You found it on level 10
                  | of the Dungeon)
 21313 | D:10     | Killed Maggie
 21766 | Orc:1    | Paralysed by an orc sorcerer for 6 turns
 22102 | Orc:2    | Received a gift from Okawaru
 22563 | Orc:2    | Found a staircase to the Elven Halls.
 22586 | Orc:2    | Found a roughly hewn altar of Beogh.
 22663 | Orc:2    | Reached skill level 1 in Translocations
 22811 | Orc:2    | Found a runed translucent door.
 22811 | Orc:2    | Found a shimmering altar of Xom.
 22811 | Orc:2    | Noticed barcode's ghost (adept HaBe)
 22920 | Orc:2    | Found Nydigiuqi's Distillery.
 23118 | Orc:2    | Slain by an orc warrior

Illustrated notes

Levels and vault maps discovered:
D:1:      elethiomel_arrival_shortcut, layout_basic
D:2:      layout_basic, lemuel_coloured_pillars_altar, first_ration,
          minivault_4, nicolae_dithmenos_shadow_blocks, uniq_sigmund,
          uniq_jessica
D:3:      layout_rooms, lemuel_doored_altar, minmay_joined_circles
D:4:      wad_crossroads, layout_loops_ring, kennysheep_mini_moat, serial_shops,
          shop, nicolae_shop_crystal, shop, hellmonk_ghost_happy_afterlife
D:5:      layout_rooms, led_xom_imps, ashenzari_conservatory_becter,
          minmay_temple_entry_statues_fountains, minivault_4,
          minmay_chambers_of_fives
D:6:      layout_loops_corners, nicolae_overflow_hidden_temple
D:7:      layout_loops_corners, the_bakery, kennysheep_generic_room_12
D:8:      layout_cave_pools, old_standard_altar, elyvilon_altar_1, uniq_joseph,
          uniq_erica
D:9:      layout_irregular_city, old_standard_altar
D:10:     layout_big_octagon, lair_entry_dummy, minmay_orc_entry_guard_dogs,
          ebering_ghost_disaster_area, uniq_maggie
D:11:     layout_loops_ring, minmay_statues_item
D:12:     layout_loops_ring, serial_shops, shop, st_stairs_2, chequers_avenue,
          uniq_rupert, uniq_frances, uniq_nessos
D:13:     lemuel_slime, layout_loops_ring, ximxim_vaults_locker_room,
          basic_altar, uniq_erolcha
D:14:     layout_long_grid, nrook_mini_vaults, nicolae_qazlal_eye_of_the_storm
D:15:     grunt_enter_depths_giant_problem, layout_gridville,
          ebering_dispersal_statue_hall, serial_shops,
          nicolae_shop_competitors_out_of_business, grunt_ministairs_12,
          worms_lemuel
Temple:   nicolae_temple_figure_zero
Lair:1:   layout_big_grid, beast_lair_carwin_10
Lair:2:   dpeg_oklob_shooting_range, layout_hall_layers, gauntlet_entry_generic,
          uniq_sonja
Lair:3:   layout_gridlike, elwin_shoals_entry_rooms,
          spider_nest_entry_funnel_web, st_stairs_10, lemuel_oklob_altar
Lair:4:   layout_roguey, grunt_megastairs_4, uniq_josephine
Lair:5:   layout_regular_city, nicolae_slime_entry_slimehenge,
          minmay_lair_oklob_items, grunt_forest_small_clearing_treed
Lair:6:   hangedman_lair_tendril_chambers, layout_cellular_growth
Shoals:1: cheibrodos_shoals_satyrical_garden, layout_shoals,
          nicolae_shoals_arrival_archipelago, uniq_louise
Orc:1:    layout_caves, elves_outpost_lemuel, uniq_nergalle
Orc:2:    st_orc_rangers, layout_caves, serial_shops, nicolae_shop_waterfront,
          ebering_ghost_xom, minmay_orc_temple_a

Skill      XL: |  1  2  3  4  5  6  7  8  9 10 11 12 13 14 15 16 |
---------------+-------------------------------------------------+-----
Fighting       | 1 2 3 4 5 6 8 |  8.5
Dodging        | 2 3 4 5 6 7 8 |  8.2
Unarmed Combat | 1 2 3 4 5 7 9 10 11 13 14 15 | 15.4
Throwing       | 1 2 3 4 5 6 7 8 |  8.4
Stealth        | 1 2 3 4 5 |  5.2
Evocations     | 3 4 5 6 |  6.3
Invocations    | 2 3 4 5 6 7 |  7.3
Axes           | 1 2 |  2.4
Armour         | 2 3 4 |  4.0
Spellcasting   | 2 |  2.1
Translocations | 1 |  1.3
Short Blades   | |  0.7
Long Blades    | |  0.8

Action                   |  1- 3 |  4- 6 |  7- 9 | 10-12 | 13-15 | 16-18 || total
-------------------------+-------+-------+-------+-------+-------+-------++-------
Melee: Unarmed           |    75 |    91 |   325 |   628 |   540 |   269 ||  1928
       Short sword       |    10 |       |       |       |       |       ||    10
       Punch             |       |     1 |    10 |    43 |    71 |    36 ||   161
       Hand axe          |       |       |       |    46 |    20 |       ||    66
       Scimitar          |       |       |       |       |     9 |       ||     9
Throw: Dart              |       |     2 |    18 |    48 |    21 |     2 ||    91
       Javelin           |       |       |       |     9 |     4 |       ||    13
       Boomerang         |       |       |       |       |     1 |       ||     1
 Cast: Apportation       |       |       |       |       |     3 |       ||     3
       Magic Dart        |       |       |       |       |       |     1 ||     1
Invok: Heroism           |       |       |     4 |    25 |    24 |    12 ||    65
       Finesse           |       |       |       |     5 |     2 |       ||     7
Evoke: Wand              |       |     9 |     2 |     3 |       |       ||    14
  Use: Scroll            |     6 |     3 |    16 |     5 |    10 |     5 ||    45
       Potion            |       |       |     3 |     6 |     7 |     3 ||    19
 Stab: Sleeping          |     1 |     2 |     3 |     1 |    10 |       ||    17
       Invisible         |       |       |       |       |     3 |       ||     3
       Distracted        |       |       |       |       |     3 |       ||     3
  Eat: Chunk             |    18 |     9 |    48 |    52 |    62 |    19 ||   208
       Ration            |       |       |       |       |     2 |       ||     2
Armor: Robe              |    43 |    21 |    90 |    32 |       |       ||   186
       Troll leather arm |       |       |       |   177 |   176 |       ||   353
       Steam dragon scal |       |       |       |       |    27 |     5 ||    32
       Acid dragon scale |       |       |       |       |       |    97 ||    97
Dodge: Dodged            |    51 |    40 |   188 |   444 |   383 |   261 ||  1367
       Rpst.: Scimitar   |       |       |       |       |     1 |       ||     1
